 Dungeon Crawl Stone Soup version 0.22-a0-757-gdba82d8 (webtiles) character file.

1114 Mamutox the Cleaver (level 8, -2/78 HPs)
             Began as an Ogre Chaos Knight on July 16, 2018.
             Slain by an orc
             ... wielding a +0 trident
              (9 damage)
             ... on level 5 of the Dungeon.
             The game lasted 00:17:12 (5302 turns).

Mamutox the Cleaver (Ogre Chaos Knight)             Turns: 5302, Time: 00:17:12

Health: -2/78      AC:  5    Str: 17      XL:     8   Next: 34%
Magic:  8/8        EV: 10    Int: 13      God:    Xom [......]
Gold:   156        SH:  0    Dex:  9 (10) Spells: 7/7 levels left

rFire    . . .     SeeInvis .   a - +1 hand axe (chaos)
rCold    . . .     Gourm    .   (no shield)
rNeg     . . .     Faith    .   l - +2 robe {MR+}
rPois    .         Spirit   .   (helmet restricted)
rElec    .         Reflect  .   i - scarf {cloud immunity}
rCorr    +         Harm     .   (gloves unavailable)
MR       +....                  (boots unavailable)
Stlth    +.........             (no amulet)
HPRegen  0.23/turn              r - ring of resist corrosion
MPRegen  0.11/turn              p - ring of flight

@: no status effects
A: large, unfitting armour, deterioration 1, tough skin 1
a: Renounce Religion, Evoke Flight


You were on level 5 of the Dungeon.
You worshipped Xom.
You were a very special plaything of Xom.
You were not hungry.

You visited 1 branch of the dungeon, and saw 5 of its levels.
You also visited: Ossuary.

You collected 156 gold pieces.

Inventory:

Hand Weapons
 a - a +1 hand axe of chaos (weapon)
Missiles
 f - 2 javelins
 o - 6 tomahawks
 q - 8 tomahawks of returning (quivered)
Armour
 i - a scarf of cloud immunity (worn)
 l - a +2 robe of magic resistance (worn)
Jewellery
 p - a ring of flight (right hand)
 r - a ring of resist corrosion (left hand)
 t - an uncursed ring of poison resistance
Scrolls
 j - a scroll of teleportation
 k - 4 scrolls of amnesia
 n - a scroll of immolation
 s - a scroll of fog {unknown}
 v - a scroll of remove curse
Potions
 b - 4 potions of berserk rage {unknown}
 d - 3 potions of heal wounds {unknown}
 e - 2 potions of curing
 g - a potion of degeneration {unknown}
 h - 5 potions of flight {unknown}
 m - 2 potions of brilliance {unknown}
Comestibles
 c - 13 rations
 u - 7 chunks of flesh


   Skills:
 - Level 4.0 Fighting
 + Level 10.0 Axes
 - Level 2.3 Dodging


You had 7 spell levels left.
You didn't know any spells.
Your spell library was empty.

Dungeon Overview and Level Annotations

Branches:
Dungeon (5/15)             Temple (0/1) D:4

Altars:
Ashenzari
Fedhas
Gozag
Nemelex Xobeh
Ru
Wu Jian
Xom
Zin


Innate Abilities, Weirdness & Mutations

You are too large for most types of armour.
You have tough skin. (AC +1)
Your body sometimes deteriorates upon taking damage.


Message History

The orc hits you from afar with a trident!
The orc wizard hits you but does no damage.
You closely miss the orc wizard.
The orc wizard is heavily wounded.
You hit the orc wizard but do no damage.
The orc wizard casts a spell at you. The puff of flame hits you!
* * * LOW HITPOINT WARNING * * *
Your body deteriorates!
You feel clumsy. The orc barely misses you.
The orc wizard hits you but does no damage.
The orc wizard closely misses you. The orc hits you but does no damage.
The orc wizard points at you and mumbles some strange words.
The magic dart hits you!
* * * LOW HITPOINT WARNING * * *
You kill the orc wizard!
Your Axes skill increases to level 10!
The orc hits you from afar with a trident!
You die...

.. ##...................#
...#######....................#
........#...................##
..........................†.#
....#.......................#
..# #.......................# .
##..#....oo.............##
##...###.)...............#
#...## ###.o@............#
##..## ###............## ##..##
###........(.# #..##
###........# ##..# ###
###.(....# ##..## ...###
##......## #....#
.......###...#.### .....#
#............##..# ....##
#............####.#


You could see an orc wizard and 2 orcs.

Vanquished Creatures
  A sky beast (D:4)
  An ogre (D:4)
  2 scorpions
  2 howler monkeys (D:4)
  3 centaur zombies (Ossuary)
  A crimson imp (D:3)
  A human zombie (Ossuary)
  An orc priest (D:4)
  2 centaur skeletons
  A bullfrog skeleton (D:4)
  6 orc wizards
  2 worker ants (D:5)
  A big kobold zombie (Ossuary)
  2 mummies (Ossuary)
  Robin (D:2)
  A howler monkey skeleton (D:4)
  8 adders
  3 oozes
  An adder zombie (Ossuary)
  An adder skeleton (D:5)
  5 worms
  2 dart slugs (D:1)
  12 orcs
  3 bats
  2 giant cockroaches
  12 goblins
  7 hobgoblins
  5 kobolds
  5 quokkas
  2 frilled lizards (D:3)
  A goblin zombie (D:4)
  10 hobgoblin zombies (Ossuary)
  2 jackal zombies (Ossuary)
  8 kobold zombies (Ossuary)
  8 orc zombies (Ossuary)
  5 rats
  3 rat zombies
133 creatures vanquished.

Vanquished Creatures (collateral kills)
  An adder (D:3)
1 creature vanquished.

Grand Total: 134 creatures vanquished

Notes
Turn   | Place    | Note
-------+----------+-------------------------------------------
     0 | D:1      | Mamutox the Ogre Chaos Knight began the quest for the Orb.
     0 | D:1      | Reached XP level 1. HP: 24/24 MP: 1/1
   120 | D:1      | Reached XP level 2. HP: 32/32 MP: 2/2
   496 | D:1      | XOM: harmless Tloc miscast
   655 | D:1      | XOM: harmless Necr miscast
   886 | D:2      | Reached XP level 3. HP: 37/39 MP: 3/3
   918 | D:2      | Noticed Robin
   923 | D:2      | Reached skill level 4 in Axes
   938 | D:2      | Killed Robin
  1190 | D:2      | Noticed a crocodile
  1190 | D:2      | a worm changed into a crocodile
  1206 | D:2      | XOM: enchant monster (good)
  1263 | D:2      | Noticed a scorpion
  1263 | D:2      | a crocodile changed into a scorpion
  1263 | D:2      | XOM: polymorph crocodile -> scorpion
  1273 | D:2      | XOM: enchant monster (good)
  1290 | D:2      | Killed a scorpion
  1290 | D:2      | Reached skill level 5 in Axes
  1290 | D:2      | Reached XP level 4. HP: 42/48 MP: 4/4
  1408 | D:2      | Found a sparkling altar of Nemelex Xobeh.
  1408 | D:2      | Found a blossoming altar of Fedhas.
  1485 | D:2      | Reached XP level 5. HP: 41/54 MP: 5/5
  1572 | D:2      | Found an ornate altar of the Wu Jian Council.
  1824 | D:2      | Found a shattered altar of Ashenzari.
  1920 | D:3      | XOM: summons friendly quasit
  2029 | D:3      | XOM: mild Chrm miscast
  2071 | D:3      | Noticed an angel
  2072 | D:3      | Found a shimmering altar of Xom.
  2073 | D:3      | Found a glowing silver altar of Zin.
  2212 | D:3      | Reached skill level 6 in Axes
  2536 | D:3      | XOM: 1-stop teleportation journey
  2638 | D:3      | XOM: silly message
  2853 | D:4      | Found a sacrificial altar of Ru.
  2883 | D:4      | XOM: swap monsters
  2884 | D:4      | Reached XP level 6. HP: 59/62 MP: 6/6
  2976 | D:4      | XOM: harmless Pois miscast
  2990 | D:4      | Found a sand-covered staircase.
  3011 | Ossuary  | Entered an ossuary
  3068 | Ossuary  | XOM: 5-stop teleportation journey
  3082 | Ossuary  | Reached skill level 7 in Axes
  3182 | Ossuary  | XOM: give mutations
  3182 | Ossuary  | Gained mutation: Your spells are a little harder to cast, but a little more powerful. [Xom's mischief]
  3182 | Ossuary  | Lost mutation: Your spells are a little harder to cast, but a little more powerful. [Xom's mischief]
  3182 | Ossuary  | Gained mutation: Your body sometimes deteriorates upon taking damage. [Xom's mischief]
  3230 | Ossuary  | XOM: 3-stop teleportation journey
  3345 | Ossuary  | XOM: summons 1 hostile demon
  3348 | Ossuary  | Reached XP level 7. HP: 18/70 MP: 7/7
  3427 | Ossuary  | XOM: stat loss: -1 Str (16/17)
  3651 | D:4      | XOM: 1-stop teleportation journey
  3660 | D:4      | Reached skill level 8 in Axes
  3973 | D:4      | XOM: smoke on damage
  3987 | D:4      | Reached skill level 9 in Axes
  4414 | D:4      | Found an opulent altar of Gozag.
  4422 | D:4      | XOM: blink monster(s)
  4423 | D:4      | XOM: enchant monster (bad)
  4428 | D:4      | Reached XP level 8. HP: 70/78 MP: 8/8
  4522 | D:4      | XOM: noise
  4568 | D:4      | Found a staircase to the Ecumenical Temple.
  4746 | D:5      | Entered Level 5 of the Dungeon
  4776 | D:5      | XOM: repel stairs
  4794 | D:5      | XOM: polymorph orc -> quokka
  4870 | D:4      | XOM: harmless Hex miscast
  5302 | D:5      | Reached skill level 10 in Axes
  5302 | D:5      | Slain by an orc

Vault maps used:
D:1:      minmay_arrival_open_corners
D:2:      lemuel_coloured_pillars_altar, lemuel_crystal_altar,
          amethyst_overflow_temple_binary, serial_forest,
          infiniplex_forest_side_room, infiniplex_forest_clump_medium,
          infiniplex_forest_lined_3_way, infiniplex_forest_clump_curved,
          infiniplex_forest_clump_double, infiniplex_forest_straight_2,
          infiniplex_forest_straight_2, uniq_robin
D:3:      grunt_temple_overflow_order_and_chaos_1, first_ration
D:4:      grunt_gozag_breadcrumbs, temple_hall, enter_ossuary_4,
          hangedman_ru_absence
D:5:      kennysheep_ying_yang
Ossuary:  ossuary_tomb_1

Skill      XL: |  1  2  3  4  5  6  7  8 |
---------------+-------------------------+-----
Axes           | 5 6 7 9 10 | 10.0
Fighting       | |  4.0
Dodging        | |  2.3

Action                   |  1- 3 |  4- 6 |  7- 9 || total
-------------------------+-------+-------+-------++-------
Melee: Hand axe          |    84 |   199 |   164 ||   447
 Abil: Evoke Flight      |       |       |     1 ||     1
  Use: Scroll            |       |     8 |       ||     8
       Potion            |       |       |     1 ||     1
 Stab: Paralysed         |     1 |       |       ||     1
       Petrified         |    11 |       |       ||    11
       Sleeping          |       |     1 |       ||     1
       Confused          |       |     2 |       ||     2
       Petrifying        |       |       |     1 ||     1
  Eat: Chunk             |     1 |     6 |     7 ||    14
Armor: Robe              |    20 |    46 |    49 ||   115
Dodge: Dodged            |    34 |    70 |    63 ||   167

Table legend:
 A = Spawn XP
 B = Non-spawn XP
 C = Spawn XP percentage of total XP
 D = Spawn monster count
 E = Non-spawn monster count
 F = Spawn count percentage of total count
 G = Total turns spent on level
                    A         B        C        D         E        F      G
               +---------+---------+-------+---------+---------+-------+---------
         Total |       0 |    1592 |   0.0 |       0 |     134 |   0.0 |  5302
               +---------+---------+-------+---------+---------+-------+---------
           D:1 |       0 |      28 |   0.0 |       0 |      11 |   0.0 |   835
           D:2 |       0 |     147 |   0.0 |       0 |      25 |   0.0 |  1044
           D:3 |       0 |     126 |   0.0 |       0 |      19 |   0.0 |   955
           D:4 |       0 |     793 |   0.0 |       0 |      29 |   0.0 |  1568
           D:5 |       0 |     216 |   0.0 |       0 |      12 |   0.0 |   281
       Ossuary |       0 |     282 |   0.0 |       0 |      38 |   0.0 |   619
               +---------+---------+-------+---------+---------+-------+---------
